AoeStats
← RIO1000

Arabia

509248422Analyzed
1v1 RM · 7d ago on Sep 26, 2026· 50m 44s· 2 players
Game mode
Random Map
Map size
Tiny (2 player)
Population
200
Speed
Normal
Resources
Standard
Victory
Conquest
Starting age
Dark Age
Ending age
Imperial Age
RankedLock teamsTeams togetherTeam positionsShared explorationLock speedFull tech treeHidden civsTurbo modeCheats
Victory
Defeat
🇲🇽 Maya · Mexico
898
+17
🇲🇽 Magyars · Mexico
912
-17
Curicavil
0:29 Loom
9:42 Feudal Age
10:29 Double-Bit Axe
12:40 Arson
15:17 Forging
19:30 Horse Collar
21:29 Gold Mining
24:18 Castle Age
23:08 Fletching
24:04 Padded Archer Armor
24:24 Crossbowman
25:54 Bodkin Arrow
26:37 Thumb Ring
27:22 Leather Archer Armor
28:59 Bow Saw
29:01 Pikeman
30:03 Scale Mail Armor
31:32 Squires
33:08 Chain Mail Armor
33:56 Iron Casting
37:10 Masonry
37:48 Murder Holes
39:02 Ballistics
42:24 Imperial Age
39:17 Elite Skirmisher
40:21 Heavy Plow
40:52 Hul'che Javelineers
42:05 Wheelbarrow
43:02 Hand Cart
43:31 Bracer
45:37 Chemistry
44:30 Halberdier
45:47 Conscription
45:56 Town Watch
46:28 Onager
48:54 Ring Archer Armor
RIO1000
10:31 Feudal Age
10:41 Loom
11:00 Double-Bit Axe
20:39 Castle Age
21:42 Bow Saw
25:19 Bloodlines
25:21 Gold Mining
26:06 Husbandry
28:20 Scale Barding Armor
30:37 Wheelbarrow
30:40 Fletching
31:14 Stone Mining
36:12 Bodkin Arrow
36:54 Hand Cart
37:46 Chain Barding Armor
36:59 Crossbowman
41:06 Ballistics
44:52 Imperial Age
42:20 Horse Collar
43:37 Thumb Ring
45:24 Cavalier
Connection lost

Rejoining the realm…

Still unreachable

The connection could not be restored.

Session expired

The server has moved on; the page needs a fresh start.